 Dungeon Crawl Stone Soup version 0.25-a0-258-g6d7e32a812 (webtiles) character file.

Game seed: 144471196379231018, levelgen mode: deterministic

46 RedPan the Chopper (level 3, 0/33 HPs)
             Began as a Hill Orc Monk on Dec 6, 2019.
             Slain by Terence
             ... wielding a +3 trident of piercing
              (2 damage)
             ... on level 2 of the Dungeon.
             The game lasted 00:02:03 (1954 turns).

RedPan the Chopper (Hill Orc Monk)                  Turns: 1954, Time: 00:02:04

Health: 0/33       AC:  5    Str: 14    XL:     3   Next: 68%
Magic:  3/3        EV: 11    Int: 10    God:
Gold:   45         SH:  0    Dex: 13    Spells: 2/2 levels left

rFire    + . .     SeeInvis .   a - +0 hand axe
rCold    . . .     Gourm    .   (no shield)
rNeg     . . .     Faith    .   f - +0 ring mail
rPois    +         Spirit   .   (no helmet)
rElec    .         Reflect  .   (no cloak)
rCorr    .         Harm     .   (no gloves)
MR       .....                  (no boots)
Stlth    +.........             (no amulet)
HPRegen  0.11/turn              d - ring of poison resistance
MPRegen  0.08/turn              e - ring of protection from fire

@: no status effects
A: no striking features
a: no special abilities


You were on level 2 of the Dungeon.
You were not hungry.

You visited 1 branch of the dungeon, and saw 2 of its levels.

You collected 45 gold pieces.

Inventory:

Hand Weapons
 a - a +0 hand axe (weapon)
Armour
 b - a +0 robe
 f - a +0 ring mail (worn)
Jewellery
 d - a ring of poison resistance (left hand)
 e - a ring of protection from fire (right hand)
Scrolls
 g - a scroll of identify
 j - a scroll of teleportation
Comestibles
 c - 6 rations
 h - 2 chunks of flesh


   Skills:
 + Level 4.1 Fighting
 * Level 5.2 Axes
 + Level 1.4 Armour
 - Level 2.4 Dodging
 - Level 1.5 Stealth


You had 2 spell levels left.
You didn't know any spells.
Your spell library was empty.

Dungeon Overview and Level Annotations

Branches:
Dungeon (2/15)

Altars:
Xom

Annotations:
D:2 Terence


Message History

You hit Terence.
Terence is moderately wounded.
Terence hits you but does no damage.
You barely miss Terence.
Terence is moderately wounded.
Terence hits you with a +3 trident of piercing.
You hit Terence but do no damage.
Terence is moderately wounded.
Terence barely misses you.
You barely miss Terence.
Terence is moderately wounded.
Terence hits you with a +3 trident of piercing.
* * * LOW HITPOINT WARNING * * *
x2 You hit Terence but do no damage.
Terence is moderately wounded.
You hit Terence but do no damage.
Terence is moderately wounded.
Terence hits you with a +3 trident of piercing.
* * * LOW HITPOINT WARNING * * *
You die...

.................#
....##.#########.#
....##.# #.#
....##.# #.#
....##.# #.#
..####.# #.#
..####.#### #.#
..##......# #.#
#.##......# #@#
#..#......# #@#
...#......# #.#
..........# #.#
+####.....# #.#
#....## #.. #....#
### #....######
#.........#


You could see Terence.

Vanquished Creatures
  A gnoll (D:1)
  A worm (D:2)
  2 dart slugs (D:1)
  A leopard gecko (D:1)
  3 giant cockroaches (D:1)
  4 hobgoblins
  3 jackals (D:1)
  2 ball pythons (D:1)
  5 bats
  2 frilled lizards (D:1)
  2 kobolds (D:1)
  4 rats (D:1)
30 creatures vanquished.

Notes
Turn   | Place    | Note
-------+----------+-------------------------------------------
     0 | D:1      | RedPan the Hill Orc Monk began the quest for the Orb.
     0 | D:1      | Reached XP level 1. HP: 19/19 MP: 1/1
    43 | D:1      | Found a shimmering altar of Xom.
   436 | D:1      | Reached XP level 2. HP: 25/27 MP: 2/2
   798 | D:1      | Reached skill level 1 in Armour
   809 | D:1      | Reached XP level 3. HP: 23/33 MP: 3/3
   943 | D:1      | Reached skill level 5 in Axes
  1935 | D:2      | Noticed Terence
  1954 | D:2      | Slain by Terence

Levels and vault maps discovered:
D:1:      lemuel_arrival_funnel, layout_basic, minivault_26, chequers_arboretum,
          xom_teletrap_fun
D:2:      layout_basic, serial_glass, glass_columns_b, glass_columns_b,
          serial_bayou_pond_c, minmay_goblin_outpost, uniq_terence

Skill      XL: |  1  2  3 |
---------------+----------+-----
Armour         | 1 |  1.4
Fighting       | 4 |  4.1
Axes           | 5 |  5.2
Dodging        | |  2.4
Stealth        | |  1.5

Action                   || total
-------------------------++-------
Melee: Hand axe          ||   117
  Use: Scroll            ||     4
       Potion            ||     1
  Eat: Chunk             ||     3
Armor: Ring mail         ||    36
       Robe              ||     3
Dodge: Dodged            ||    70

Table legend:
 A = Non-vault XP
 B = Vault XP
 C = Vault XP percentage of total XP
 D = Non-vault monster count
 E = Vault monster count
 F = Vault count percentage of total count
                 A         B        C        D         E       F
            +---------+---------+-------+---------+---------+-------
      Total |      67 |       0 |   0.0 |      30 |       0 |   0.0
            +---------+---------+-------+---------+---------+-------
        D:1 |      59 |       0 |   0.0 |      27 |       0 |   0.0
        D:2 |       8 |       0 |   0.0 |       3 |       0 |   0.0
            +---------+---------+-------+---------+---------+-------
